Map: Orbital Shipyard

Players

DeMusliM

  • Race: Terran Terran
  • League: Grandmaster

MMA - Winner!

  • Race: Terran Terran

Event: Homestory Cup XII

VOD

Have the link to the VOD?

Description

Time

  • Played on: Dec. 19, 2015, 11:56 a.m.
  • Length: 13:08

All games in this series

Show
View Real Time Build Order
Export as new Build Order

DeMusliM Terran 

Build Orders: Command Center First (CC), Bio Tank 

Get SALT Encoding   

  12  0:00  SCV  
  13  0:12  SCV  
  14  0:18  Supply Depot  
  14  0:24  SCV  
  15  0:40  SCV  
  16  0:56  Command Center  
  16  0:59  SCV  
  16  1:04  Refinery  
  17  1:15  Barracks  
  17  1:19  SCV  
  18  1:31  SCV  
  19  1:44  SCV  
  20  2:02  Orbital Command  
  20  2:03  Barracks Reactor  
  20  2:07  Orbital Command  
  20  2:27  Factory  
  20  2:28  SCV  
  21  2:33  SCV  
  22  2:39  Marine x2  
  22  2:40  SCV  
  25  2:45  SCV  
  25  2:50  Supply Depot  
  26  2:52  SCV  
  26  2:57  SCV  
  26  2:58  Command Center  
  28  3:00  Marine x2  
  28  3:04  SCV  
  31  3:09  SCV  
  31  3:10  Factory Tech Lab  
  32  3:17  SCV, Marine  
  32  3:18  Marine  
  35  3:21  SCV  
  36  3:28  Refinery x2  
  36  3:29  SCV  
  36  3:33  SCV, Cyclone  
  41  3:37  Marine  
  41  3:38  Supply Depot  
  41  3:39  Marine  
  41  3:41  SCV  
  44  3:46  SCV  
  45  3:53  SCV  
  46  3:59  Marine x2  
  46  4:00  SCV  
  49  4:04  Barracks  
  49  4:05  SCV, Barracks  
  49  4:09  Orbital Command  
  50  4:12  SCV  
  50  4:13  Siege Tank  
  54  4:17  SCV  
  54  4:19  Marine  
  54  4:20  Marine  
  57  4:24  SCV  
  57  4:29  SCV  
  57  4:33  Engineering Bay  
  57  4:38  SCV x2, Marine x2  
  57  4:42  SCV  
  59  4:53  SCV x2  
  59  4:54  SCV, Siege Tank  
  59  4:55  Barracks Tech Lab, Engineering Bay  
  64  5:01  Marine x2  
  64  5:02  Barracks Tech Lab  
  64  5:05  SCV  
  64  5:06  SCV x2  
  69  5:10  Supply Depot  
  69  5:13  Missile Turret  
  68  5:18  Missile Turret  
  68  5:22  Terran Infantry Armor Level 1  
  64  5:29  Siege Tank  
  64  5:31  SCV  
  68  5:39  Combat Shields  
  68  5:40  Stimpack  
  68  5:43  SCV x2  
  68  5:44  SCV  
  71  5:55  Terran Infantry Weapons Level 1, Starport  
  71  5:57  Refinery  
  71  6:06  Barracks Reactor  
  71  6:13  Supply Depot  
  71  6:14  SCV x3, Marine x2  
  76  6:20  Supply Depot  
  76  6:21  Supply Depot  
  76  6:32  Starport Reactor, Marine  
  77  6:34  Marine, Siege Tank, Barracks, Orbital Command  
  77  6:35  Barracks  
  81  6:45  SCV x2  
  81  6:46  Armory  
  83  6:49  Marine  
  83  6:50  Marine x2  
  83  6:52  Marine  
  87  6:57  SCV  
  87  6:59  SCV x2  
  87  7:00  Missile Turret x2  
  90  7:07  Siege Tank  
  93  7:09  SCV, Marine x2, Medivac x2  
  93  7:11  SCV  
  93  7:12  Factory  
  101  7:17  Supply Depot  
  101  7:18  SCV, Supply Depot  
  101  7:21  SCV, Barracks Reactor  
  103  7:27  Marine x2  
  103  7:28  Marine  
  103  7:29  Barracks Reactor  
  104  7:37  Marine  
  105  7:45  Marine x2  
  105  7:46  Medivac x2, Siege Tank, Marine  
  105  7:50  Refinery x2  
  115  7:52  Supply Depot  
  116  8:01  Terran Infantry Weapons Level 2  
  116  8:02  Supply Depot  
  116  8:03  Marine x3  
  118  8:10  Missile Turret  
  118  8:12  Siege Tank, Missile Turret, Marine  
  120  8:16  Missile Turret  
  120  8:17  SCV x3  
  123  8:20  Barracks Reactor  
  123  8:26  Marine x3  
  125  8:29  SCV  
  125  8:31  Marine x2  
  125  8:32  Medivac x2  
  133  8:35  Marine x2  
  133  8:41  Supply Depot  
  135  8:42  Supply Depot  
  135  8:44  Marine  
  135  8:45  Marine x2  
  135  8:48  Terran Infantry Armor Level 2  
  137  8:50  Marine x2  
  139  8:55  Marine  
  139  8:56  Marine  
  141  9:04  Siege Tank, Medivac x2  
  148  9:16  Marine x8  
  156  9:19  Marine  
  156  9:24  Supply Depot  
  156  9:27  Terran Vehicle Weapons Level 1  
  155  9:33  Marine  
  155  9:34  Marine  
  157  9:39  Supply Depot, Marine  
  157  9:40  Supply Depot  
  157  9:41  Marine  
  157  9:45  Siege Tank x2, Marine x2  
  165  9:59  Marine  
  165  10:00  Marine x6  
  165  10:03  Marine x2  
  173  10:16  Supply Depot  
  173  10:17  Supply Depot, Siege Tank x2, Marine  
  173  10:18  Marine x2  
  181  10:37  Marine x5  
  180  10:49  Siege Tank x2  
  135  10:51  Marine x3  
  135  10:52  Marine  
  120  10:57  Marine  
  120  10:58  Marine  
  120  10:59  Marine x2  
  124  11:10  Command Center  
  124  11:13  Marine  
  125  11:21  Siege Tank x2  
  131  11:27  Orbital Command  
  131  11:28  Marine x3  
  134  11:37  Marine x2  
  134  11:39  Marine x2  
  137  11:47  Marine x2  
  137  11:48  Marine  
  137  11:53  Siege Tank x2  
  109  12:16  Marine x3  
  109  12:17  Marine x2  
  109  12:18  Marine  
  109  12:21  Marine x2  
  99  12:26  Siege Tank x2, Marine  
  99  12:28  Medivac  
  99  12:29  Medivac  
  109  12:34  Marine x3  
  109  12:35  Marine  
  113  12:41  Marine x2  
  113  12:43  Marine  
Show
View Real Time Build Order
Export as new Build Order

MMA Terran - Winner!

Build Orders: 1/1/1, Bio Tank, Banshee Rush 

Get SALT Encoding   

  12  0:00  SCV  
  13  0:12  SCV  
  14  0:17  Supply Depot  
  14  0:25  SCV  
  14  0:28  Refinery  
  15  0:39  SCV  
  16  0:43  Barracks  
  16  0:51  SCV  
  17  1:03  SCV  
  18  1:15  SCV  
  19  1:30  Marine, Factory, Orbital Command  
  20  1:33  Supply Depot  
  20  1:37  Refinery  
  20  1:48  Marine  
  21  1:56  SCV  
  22  2:06  Marine  
  23  2:08  SCV  
  23  2:14  Starport  
  23  2:15  Factory Tech Lab  
  24  2:20  SCV  
  24  2:22  Supply Depot  
  25  2:24  Marine  
  26  2:32  SCV  
  27  2:42  Marine  
  28  2:44  SCV  
  28  2:47  Widow Mine  
  28  2:50  Supply Depot  
  31  2:57  SCV  
  32  2:59  Banshee  
  32  3:00  Cloaking Field  
  35  3:06  Barracks Reactor  
  35  3:09  SCV  
  35  3:21  SCV  
  36  3:32  Command Center  
  36  3:34  Factory Tech Lab  
  36  3:45  Banshee  
  36  3:46  Marine x2  
  41  3:51  Supply Depot  
  41  3:59  Siege Tank  
  44  4:04  Marine x2  
  46  4:14  Supply Depot  
  46  4:17  SCV  
  47  4:22  Marine x2  
  49  4:29  SCV  
  50  4:40  Marine x2  
  50  4:41  SCV  
  53  4:45  Orbital Command  
  50  4:55  Command Center  
  50  4:57  SCV  
  51  5:10  SCV  
  51  5:11  SCV  
  51  5:12  Barracks Tech Lab  
  53  5:22  SCV, Starport Reactor  
  53  5:23  SCV  
  55  5:33  Barracks  
  55  5:34  Engineering Bay  
  55  5:35  Engineering Bay  
  55  5:36  SCV x2, Barracks, Marine  
  55  5:40  Stimpack  
  58  5:49  SCV x2  
  60  5:54  Siege Tank, Marine  
  62  5:57  Refinery  
  62  5:58  Refinery  
  62  6:01  SCV x2  
  64  6:08  Orbital Command  
  64  6:09  Terran Infantry Armor Level 1  
  64  6:11  Terran Infantry Weapons Level 1  
  64  6:16  Starport Reactor  
  64  6:17  Barracks  
  64  6:18  Barracks  
  64  6:20  Marine  
  64  6:22  SCV  
  64  6:23  SCV  
  67  6:28  Marine x3  
  67  6:30  Orbital Command  
  70  6:35  Siege Tank  
  70  6:36  SCV x2  
  74  6:48  SCV x2, Marine x2  
  74  6:49  Marine x3  
  81  6:56  SCV  
  81  7:00  SCV x2, Medivac x2  
  88  7:05  Supply Depot x2  
  88  7:07  Barracks Reactor  
  88  7:08  Barracks Reactor  
  88  7:12  SCV x2  
  88  7:13  Refinery  
  88  7:14  SCV  
  91  7:17  Refinery  
  91  7:24  SCV x2  
  91  7:26  SCV  
  91  7:27  Supply Depot  
  91  7:28  Supply Depot  
  91  7:29  Armory  
  94  7:35  Marine x4  
  94  7:36  SCV x2, Marine  
  101  7:38  SCV  
  101  7:40  Siege Tank  
  101  7:41  Combat Shields, Medivac  
  101  7:42  Medivac  
  106  7:48  SCV x2  
  106  7:50  SCV  
  109  7:55  Marine x4  
  109  7:56  Marine x3  
  109  7:57  Marine  
  115  7:59  Marine  
  116  8:06  Missile Turret x2  
  116  8:09  Supply Depot  
  116  8:10  Supply Depot  
  116  8:11  Supply Depot  
  116  8:13  Marine x5  
  116  8:15  Siege Tank  
  116  8:18  Marine  
  125  8:31  SCV x3, Marine x2  
  125  8:32  Medivac x2  
  125  8:33  Terran Infantry Weapons Level 2  
  125  8:34  Terran Infantry Armor Level 2  
  134  8:35  Terran Vehicle Weapons Level 1  
  134  8:43  SCV x3  
  134  8:47  Marine  
  134  8:48  Marine x5  
  142  8:51  Marine x2  
  142  8:52  Marine  
  142  8:53  Factory  
  142  8:54  Siege Tank  
  149  8:59  Supply Depot  
  149  9:01  Supply Depot  
  148  9:12  Marine x6  
  148  9:13  Marine x2  
  156  9:22  Viking x2  
  156  9:23  Supply Depot  
  160  9:26  Supply Depot, Siege Tank  
  163  9:32  Marine x8  
  163  9:33  Marine  
  171  9:45  Siege Tank  
  174  9:48  Supply Depot  
  174  9:50  Supply Depot, Marine x3  
  175  9:54  Viking x2  
  175  9:58  Siege Tank  
  182  10:08  Marine x6  
  182  10:09  Marine x3  
  191  10:24  Supply Depot  
  191  10:29  Command Center  
  191  10:30  Barracks x2  
  191  10:31  Barracks  
  190  10:44  Marine x6  
  190  10:45  Marine  
  190  10:46  Siege Tank  
  190  10:49  Siege Tank  
  165  10:50  Marine x2  
  149  11:02  Marine x3  
  149  11:18  Siege Tank  
  149  11:21  Siege Tank  
  155  11:27  Marine x8  
  155  11:29  Barracks Reactor  
  155  11:30  Barracks Reactor, Medivac  
  155  11:31  Medivac  
  167  11:43  Sensor Tower  
  158  12:02  Siege Tank  
  158  12:03  Siege Tank  
  164  12:10  Marine  
  164  12:12  Marine  
  164  12:13  Marine x4  
  123  12:27  Viking x2  
  123  12:28  Marine x2  
  123  12:29  Marine  
  130  12:30  Marine x2  
  130  12:32  Planetary Fortress  
  130  12:33  Marine x2  
  130  12:34  Siege Tank  
  130  12:35  Siege Tank  
  140  12:37  Marine x2  
  140  12:38  Marine x2  
  144  12:44  Marine x2  
  144  12:48  Marine x2  
  144  12:49  Marine x2  
  144  12:50  Marine  
Tags
 
Add a new tag
Caveats
  • Supply blocks, unpowered buildings, or Contaminate may cause inaccurate times.
  • Supply counts are checked every 10 seconds.